 Dungeon Crawl Stone Soup version 0.29.1-12-g30fa7ad0bf (webtiles) character file.

Game seed: 10668060845929036156

25 suipiss the Trooper (level 2, -4/24 HPs)
             Began as a Demonspawn Abyssal Knight on Dec 31, 2022.
             Was a Believer of Lugonu.
             Killed from afar by a white imp (7 damage)
             ... with a puff of frost
             ... summoned by Natasha
             ... on level 2 of the Dungeon.
             The game lasted 00:01:30 (1952 turns).

suipiss the Trooper (Demonspawn Abyssal Knight)     Turns: 1952, Time: 00:01:31

Health: -4/24      AC:  3    Str: 12 (13) XL:     2   Next: 82%
Magic:  4/4        EV: 11    Int:  8 (11) God:    Lugonu [**....]
Gold:   101        SH:  0    Dex: 12 (13) Spells: 1/1 levels left

rFire   . . .      SeeInvis .   a - +1 mace
rCold   . . .      Faith    .   (no shield)
rNeg    . . .      Spirit   .   b - +0 leather armour
rPois   .          Reflect  .   (no helmet)
rElec   .          Harm     .   (no cloak)
rCorr   .          Rampage  .   (no gloves)
Will    .....                   (no boots)
Stlth   +.........              (no amulet)
HPRegen 0.08/turn               (no ring)
MPRegen 0.09/turn               (no ring)

@: mighty, attractive
A: claws 1
a: Renounce Religion, Depart the Abyss, Bend Space


You were on level 2 of the Dungeon.
You worshipped Lugonu.
Lugonu was pleased with you.
You visited 1 branch of the dungeon, and saw 2 of its levels.
You visited the Abyss 1 time.

You collected 101 gold pieces.

Inventory:

Hand Weapons
 a - a +1 mace (weapon)
Armour
 b - a +0 leather armour (worn)
Scrolls
 c - 3 scrolls of enchant weapon {unknown}
 e - 2 scrolls of teleportation {unknown}
Potions
 f - a potion of attraction


   Skills:
 + Level 3.1 Fighting
 + Level 2.0 Maces & Flails
 + Level 2.0 Armour
 + Level 1.3 Dodging
 + Level 0.7 Shields
 + Level 2.8 Invocations


You had one spell level left.
You didn't know any spells.
Your spell library contained the following spells:

 Spells                   Type           Power      Damage    Failure   Level
 Gell's Gravitas          Tloc           0%         N/A       86%         3
 Teleport Other           Tloc           0%         N/A       86%         3
 Dispersal                Tloc           0%         N/A       100%        6


Dungeon Overview and Level Annotations

Branches:
Dungeon (2/15)

Altars:

Annotations:
D:2 Natasha


Innate Abilities, Weirdness & Mutations

You have sharp fingernails.


Message History

Found 15 gold pieces.
The frilled lizard closely misses you.
You closely miss the frilled lizard.
The endoplasm quivers.
The frilled lizard bites you.
You hit the frilled lizard.
You kill the frilled lizard!
Lugonu accepts your kill. Natasha claws you!
You barely miss Natasha. Natasha claws you.
You barely miss Natasha. Natasha claws you!
* * * LOW HITPOINT WARNING * * *
The endoplasm hits you but does no damage.
You are too injured to fight recklessly!
You are too injured to fight recklessly!
You are too injured to fight recklessly!
You are too injured to fight recklessly!
You are too injured to fight recklessly!
It was a potion of attraction.
You feel attractive to monsters.
Natasha mumbles some strange words.
The endoplasm hits you but does no damage.
The white imp is attracted toward you.
It was a potion of curing.
You feel better. Natasha barely misses you. The endoplasm freezes you.
You are frozen.
It was a potion of might.
You feel very mighty all of a sudden. Natasha barely misses you.
The endoplasm freezes you.
You are frozen.
* * * LOW HITPOINT WARNING * * *
The white imp misses you.
It was a potion of degeneration.
There was something very wrong with that liquid.
You feel weakened.
You feel dopey.
You feel clumsy. Natasha misses you. The endoplasm barely misses you.
The white imp gestures at you. The puff of frost hits you!
You die...

### .. #.### . ##...#
#.. #....# #####....
#....####### #........
#..........####.5...#
#....##.##...=#@J.ยง.#.
#....##...###...h......
##.######..####........
#..# ##....#.....#..
##.# ..#.#.....# . #.#
#........... #.#
............ #.#
..##........ #.# ...
g.....$


You could see Natasha, a white imp (summoned) and an endoplasm.

Vanquished Creatures
  2 dart slugs
  A ball python (D:1)
  3 endoplasms
  A goblin (D:1)
  2 hobgoblins
  2 quokkas (D:1)
  2 bats (D:2)
  2 frilled lizards (D:2)
  4 kobolds
  A rat (D:1)
20 creatures vanquished.

Notes
Turn   | Place    | Note
-------+----------+-------------------------------------------
     0 | Abyss:1  | suipiss the Demonspawn Abyssal Knight began the quest for
                  | the Orb.
     0 | Abyss:1  | Reached XP level 1. HP: 18/18 MP: 2/2
    58 | Abyss:1  | Noticed a blizzard demon
    61 | Abyss:1  | Noticed a large abomination
    68 | D:1      | Escaped the Abyss
   941 | D:1      | Reached skill level 1 in Dodging
  1092 | D:1      | Reached ** piety under Lugonu
  1098 | D:1      | Discovered your monstrous ancestry.
  1098 | D:1      | Gained mutation: You have sharp fingernails. [demonic
                  | ancestry]
  1098 | D:1      | Reached XP level 2. HP: 11/24 MP: 3/3
  1499 | D:1      | Found a faded altar of an unknown god.
  1942 | D:2      | Noticed Natasha
  1952 | D:2      | Killed from afar by a white imp

Illustrated notes

Levels and vault maps discovered:
D:1:      heliophobic_arrival_ceremonial_halls, layout_basic,
          shapermc_ecumenical_altar_mp_highgroup
D:2:      layout_rooms, st_stairs_5, minivault_23, uniq_jessica, uniq_natasha

Skill      XL: |  1  2 |
---------------+-------+-----
Dodging        | 1 |  1.3
Armour         | 2 |  2.0
Maces & Flails | 2 |  2.0
Fighting       | |  3.1
Shields        | |  0.7
Invocations    | |  2.8

Action                   || total
-------------------------++-------
Melee: Mace              ||    63
       Punch             ||     1
Invok: Depart the Abyss  ||     1
  Use: Potion            ||     5
 Stab: Sleeping          ||     1
Armor: Leather armour    ||    18
Dodge: Dodged            ||    34
